 Dungeon Crawl Stone Soup version 0.28.0 (webtiles) character file.

Game seed: 9255221245478345907

244 cyrus the Covered (level 6, -4/48 HPs)
             Began as a Human Fighter on Feb 5, 2022.
             Slain by a goblin (5 damage)
             ... led by Robin
             ... on level 2 of the Dungeon.
             The game lasted 00:04:58 (2127 turns).

cyrus the Covered (Human Fighter)                   Turns: 2127, Time: 00:04:59

Health: -4/48      AC:  7    Str: 18    XL:     6   Next: 32%
Magic:  2/2        EV: 10    Int:  9    God:
Gold:   96         SH:  0    Dex: 12    Spells: 5/5 levels left

rFire   . . .      SeeInvis .   d - +1 scythe (antimagic)
rCold   . . .      Faith    .   (shield currently unavailable)
rNeg    . . .      Spirit   .   b - +0 scale mail
rPois   .          Reflect  .   (no helmet)
rElec   .          Harm     .   (no cloak)
rCorr   .          Rampage  .   (no gloves)
Will    .....                   (no boots)
Stlth   ..........              (no amulet)
HPRegen 0.16/turn               (no ring)
MPRegen 0.08/turn               (no ring)

@: no status effects
A: no striking features
a: no special abilities


You were on level 2 of the Dungeon.
You visited 1 branch of the dungeon, and saw 2 of its levels.

You collected 96 gold pieces.

Inventory:

Hand Weapons
 a - a +0 long sword
 d - a +1 antimagic scythe (weapon)
Armour
 b - a +0 scale mail (worn)
 c - a +0 buckler
Scrolls
 e - 2 scrolls of identify {unknown}
 f - a scroll of silence {unknown}
 h - a scroll of blinking {unknown}
 i - a scroll of teleportation {unknown}
 j - 2 scrolls of amnesia {unknown}
 k - a scroll of enchant armour {unknown}
Potions
 g - a potion of resistance {unknown}


   Skills:
 + Level 3.6 Fighting
 + Level 3.4 Long Blades
 + Level 0.7 Polearms
 + Level 4.6 Armour
 + Level 1.2 Dodging
 + Level 0.3 Stealth
 + Level 3.5 Shields


You had 5 spell levels left.
You didn't know any spells.
Your spell library contained the following spells:

 Spells                   Type           Power      Damage    Failure   Level
 Apportation              Tloc           0%         N/A       77%         1
 Ignite Poison            Fire/Tmut/Pois 0%         N/A       98%         3
 Mephitic Cloud           Conj/Pois/Air  0%         N/A       98%         3
 Alistair's Intoxication  Tmut/Pois      0%         N/A       100%        5
 Freezing Cloud           Conj/Ice/Air   0%         6-21      100%        5


Dungeon Overview and Level Annotations

Branches:
Dungeon (2/15)

Altars:

Annotations:
D:2 Robin


Message History

The hobgoblin hits you but does no damage.
The goblin hits you but does no damage. The hobgoblin barely misses you.
The goblin misses you. Robin hits you but does no damage.
The hobgoblin hits you. The goblin hits you with a +0 club.
The hobgoblin hits you.
* * * LOW HITPOINT WARNING * * *
You barely miss the hobgoblin.
The hobgoblin no longer looks unusually strong. x3
Robin hits you from afar with a +0 spear.
* * * LOW HITPOINT WARNING * * *
The hobgoblin hits you but does no damage.
The goblin closely misses you. The hobgoblin hits you.
* * * LOW HITPOINT WARNING * * *
The goblin hits you but does no damage. The hobgoblin hits you.
* * * LOW HITPOINT WARNING * * *
Unknown command.
You barely miss the hobgoblin.
The goblin no longer looks unusually strong.
The goblin closely misses you. The hobgoblin hits you.
* * * LOW HITPOINT WARNING * * *
The goblin hits you but does no damage.
The hobgoblin hits you but does no damage.
The hobgoblin barely misses you. The goblin barely misses you.
Robin closely misses you. The hobgoblin barely misses you.
You barely miss the hobgoblin.
The goblin no longer looks unusually strong.
The goblin barely misses you.
The hobgoblin hits you but does no damage.
The goblin hits you but does no damage. The hobgoblin closely misses you.
The hobgoblin barely misses you. The goblin hits you with a +0 club.
* * * LOW HITPOINT WARNING * * *
Robin roars a battlecry!
The goblins go into a battle-frenzy!
The hobgoblin hits you.
* * * LOW HITPOINT WARNING * * *
You hit the hobgoblin.
You kill the hobgoblin!
The hobgoblin no longer looks unusually strong.
The goblin hits you with a +0 club.
You die...

##g#....##..
#.#.......#
########...#######
#.........##
#......####
#....### #g.g.#
##############ggg.#
#............g@.g.#
#.#################
#.# #.# #.# #.# #.#
###†### # ......##
#


You could see Robin, 4 hobgoblins and 2 goblins.

Vanquished Creatures
  Sigmund (D:2)
  4 adders (D:2)
  2 worms (D:2)
  A dart slug (D:1)
  6 ball pythons
  6 endoplasms
  A giant cockroach (D:1)
  3 goblins
  8 hobgoblins
  A quokka (D:1)
  5 bats
  2 frilled lizards (D:2)
  2 kobolds (D:2)
  3 rats
45 creatures vanquished.

Notes
Turn   | Place    | Note
-------+----------+-------------------------------------------
     0 | D:1      | cyrus the Human Fighter began the quest for the Orb.
     0 | D:1      | Reached XP level 1. HP: 18/18 MP: 1/1
   154 | D:1      | Reached XP level 2. HP: 4/24 MP: 2/2
   942 | D:1      | Reached XP level 3. HP: 29/29 MP: 3/3
  1370 | D:2      | Noticed Sigmund
  1381 | D:2      | Killed Sigmund
  1382 | D:2      | Reached skill level 4 in Armour
  1382 | D:2      | Reached skill level 1 in Dodging
  1382 | D:2      | Reached XP level 4. HP: 33/35 MP: 2/4
  1382 | D:2      | Reached XP level 5. HP: 38/41 MP: 2/5
  1382 | D:2      | Reached XP level 6. HP: 44/47 MP: 2/6
  2079 | D:2      | Noticed Robin
  2126 | D:2      | HP: 1/48 [hobgoblin[Robin] (3)]
  2127 | D:2      | Slain by a goblin

Illustrated notes

Levels and vault maps discovered:
D:1:      pf_arrival_petrified_forest, layout_basic
D:2:      minmay_thinvault, layout_rooms, chequers_decorated_corner, uniq_robin,
          uniq_sigmund

Skill      XL: |  1  2  3 |
---------------+----------+-----
Long Blades    | 3 |  3.4
Armour         | 4 |  4.6
Dodging        | 1 |  1.2
Fighting       | |  3.6
Polearms       | |  0.7
Stealth        | |  0.3
Shields        | |  3.5

Action                   |  1- 3 |  4- 6 || total
-------------------------+-------+-------++-------
Melee: Long sword        |    56 |     6 ||    62
       Scythe            |       |    75 ||    75
  Use: Potion            |     1 |       ||     1
Armor: Scale mail        |    44 |    67 ||   111
Dodge: Dodged            |    33 |    96 ||   129
Block: Buckler           |    14 |       ||    14
